 Dungeon Crawl Stone Soup version 0.29.0-4-gdea44cf6ec (webtiles) character file.

Game seed: 15328120705692268995

55 qw the Chopper (level 3, 0/21 HPs)
             Began as a Tengu Warper on Aug 28, 2022.
             Slain by Natasha (8 damage)
             ... on level 2 of the Dungeon.
             The game lasted 00:00:09 (1834 turns).

qw the Chopper (Tengu Warper)                       Turns: 1834, Time: 00:00:10

Health: 0/21       AC:  3    Str: 13    XL:     3   Next: 93%
Magic:  7/7        EV:  7    Int: 13    God:
Gold:   90         SH: 11    Dex: 13    Spells: 6/6 levels left

rFire   . . .      SeeInvis .   Y - +0 hand axe
rCold   . . .      Faith    .   j - +0 tower shield
rNeg    . . .      Spirit   .   b - +0 leather armour
rPois   .          Reflect  .   (helmet restricted)
rElec   .          Harm     .   (no cloak)
rCorr   .          Rampage  .   (no gloves)
Will    .....                   (boots unavailable)
Stlth   +.........              (no amulet)
HPRegen 0.07/turn               (no ring)
MPRegen 0.10/turn               (no ring)

@: no status effects
A: beak, talons 3
a: no special abilities


You were on level 2 of the Dungeon.
You visited 1 branch of the dungeon, and saw 2 of its levels.

You collected 90 gold pieces.


Innate Abilities, Weirdness & Mutations

You have a beak for a mouth.
You have claws for feet.


   Skills:
 - Level 2.0 Fighting
 - Level 3.9 Axes
 - Level 1.0 Throwing
 - Level 1.1 Armour
 - Level 2.1 Dodging
 + Level 1.7 Shields
 - Level 2.0 Spellcasting
 - Level 2.4 Translocations


You had 6 spell levels left.
You didn't know any spells.
Your spell library contained the following spells:

 Spells                   Type           Power      Damage    Failure   Level
 Blink                    Tloc           14%        N/A       96%         2
 Gell's Gravitas          Tloc           7%         N/A       99%         3
 Lesser Beckoning         Tloc           7%         N/A       99%         3
 Teleport Other           Tloc           7%         N/A       99%         3
 Manifold Assault         Tloc           7%         N/A       100%        5

Inventory:

Hand Weapons
 a - a +0 whip
 Y - a +0 hand axe (weapon)
Armour
 b - a +0 leather armour (worn)
 j - a +0 tower shield (worn)
Scrolls
 f - a scroll of identify
Potions
 k - a potion of might

Dungeon Overview and Level Annotations

Branches:
Dungeon (2/15)

Altars:

Annotations:
D:2 Natasha


Message History

A quokka comes into view.
You closely miss the quokka. You claw the quokka. Your peck misses the quokka.
The quokka is lightly wounded.
The quokka bites you but does no damage.
You block the quokka's attack.
You hit the quokka. Your kick misses the quokka.
The quokka is severely wounded.
You block the quokka's attack.
You hit the quokka. Your kick misses the quokka.
The quokka is severely wounded.
The quokka closely misses you.
The quokka bites you but does no damage.
You barely miss the quokka. You claw the quokka, but do no damage.
Your peck misses the quokka.
The quokka is severely wounded.
You block the quokka's attack. x2
You hit the quokka but do no damage. You claw the quokka.
You kill the quokka!
There is an open door here.
a - a +0 whip
1718 ||| DROPPING +0 club.
You drop a +0 club.
Natasha, Servant of Life and Death comes into view.
1726 ||| Stepping ~*~*~tactically~*~*~ (hiding).
You start waiting.
Done waiting.
Natasha hisses angrily.
1828 ||| Stepping ~*~*~tactically~*~*~ (hiding).
You start waiting.
Natasha is nearby!
Natasha claws you.
You hit Natasha. Your kick misses Natasha.
Natasha is moderately wounded.
Natasha claws you. x2
You barely miss Natasha. Your kick misses Natasha. You peck Natasha.
Natasha is heavily wounded.
Natasha claws you.
You hit Natasha. Your kick misses Natasha. You peck Natasha.
Natasha is severely wounded.
You block Natasha's attack. Natasha claws you!
You die...

### #.#
#######.#
#.....h.# #@#
#.# #.#
######+#####.##
###########
#.............#
#..........
#........)....#
#..........
#.............#
##.........g
#######'#####.##
......%.....
......[.........
.g.........>


You could see Natasha.

Vanquished Creatures
  An adder (D:2)
  A dart slug (D:1)
  6 bats
  5 endoplasms
  2 giant cockroaches (D:1)
  4 hobgoblins
  2 quokkas (D:2)
  A ball python (D:1)
  A frilled lizard (D:1)
  9 goblins
  3 kobolds (D:1)
  6 rats
41 creatures vanquished.

Notes
Turn   | Place    | Note
-------+----------+-------------------------------------------
     0 | D:1      | qw the Tengu Warper began the quest for the Orb.
     0 | D:1      | Reached XP level 1. HP: 12/12 MP: 4/4
     0 | D:1      | 0 ||| qw: Version: 0.1-a-89-g26bdef1
     0 | D:1      | 0 ||| qw: Game counter: 2990
     0 | D:1      | 0 ||| qw: Always use a shield: true
     0 | D:1      | 0 ||| qw: God list: Okawaru
     0 | D:1      | 0 ||| qw: Allow faded altars: false
     0 | D:1      | 0 ||| qw: Do Orc after D:15 true
     0 | D:1      | 0 ||| qw: Do second Lair branch before Depths: true
     0 | D:1      | 0 ||| qw: Lair rune preference: random
     0 | D:1      | 0 ||| qw: Plans: Normal
     0 | D:1      | 0 ||| PLANNING D:1-11
   286 | D:1      | Reached skill level 3 in Axes
   286 | D:1      | Reached XP level 2. HP: 17/17 MP: 6/6
   381 | D:1      | 381 ||| Stepping ~*~*~tactically~*~*~ (stealth).
   735 | D:1      | 735 ||| Stepping ~*~*~tactically~*~*~ (stealth).
   738 | D:1      | 738 ||| Stepping ~*~*~tactically~*~*~ (stealth).
   786 | D:1      | 786 ||| Stepping ~*~*~tactically~*~*~ (stealth).
   787 | D:1      | 787 ||| Stepping ~*~*~tactically~*~*~ (stealth).
   796 | D:1      | Reached XP level 3. HP: 19/21 MP: 7/7
  1165 | D:1      | 1165 ||| UPGRADING to +0 tower shield.
  1170 | D:1      | 1170 ||| DROPPING ring of magical power.
  1171 | D:1      | 1171 ||| READING scroll labelled WAXYVUARUT.
  1272 | D:1      | 1272 ||| READING 3 scrolls labelled RIGEN PEWE.
  1273 | D:1      | 1273 ||| READING scroll labelled TOZXIL ZUNI.
  1274 | D:1      | 1274 ||| READING scroll labelled BESIFF YQUECS.
  1275 | D:1      | 1275 ||| READING scroll labelled WUJO OMEIM UDGH.
  1276 | D:1      | 1276 ||| READING 2 scrolls of identify.
  1276 | D:1      | 1276 ||| IDENTIFYING yellow potion
  1277 | D:1      | 1277 ||| DROPPING scroll of blinking.
  1303 | D:2      | 1303 ||| Stepping ~*~*~tactically~*~*~ (stealth).
  1306 | D:2      | 1306 ||| Stepping ~*~*~tactically~*~*~ (stealth).
  1394 | D:2      | 1394 ||| Stepping ~*~*~tactically~*~*~ (stealth).
  1399 | D:2      | Reached skill level 1 in Shields
  1471 | D:2      | 1471 ||| FLEEEEING.
  1472 | D:2      | 1472 ||| FLEEEEING.
  1513 | D:2      | 1513 ||| FLEEEEING.
  1523 | D:2      | 1523 ||| STAIRDANCE
  1718 | D:2      | 1718 ||| DROPPING +0 club.
  1725 | D:2      | Noticed Natasha
  1726 | D:2      | 1726 ||| Stepping ~*~*~tactically~*~*~ (hiding).
  1828 | D:2      | 1828 ||| Stepping ~*~*~tactically~*~*~ (hiding).
  1834 | D:2      | Slain by Natasha

Levels and vault maps discovered:
D:1:      dpeg_arrival_subterranean_lakeside_camping, layout_basic
D:2:      layout_basic, uniq_jessica, uniq_natasha, uniq_sigmund, uniq_robin

Skill      XL: |  1  2  3 |
---------------+----------+-----
Axes           | 3 |  3.9
Shields        | 1 |  1.7
Fighting       | |  2.0
Throwing       | |  1.0
Armour         | |  1.1
Dodging        | |  2.1
Spellcasting   | |  2.0
Translocations | |  2.4

Action                   || total
-------------------------++-------
Melee: Hand axe          ||    89
       Peck              ||    11
       Kick              ||    23
Throw: Boomerang         ||     7
  Use: Scroll            ||     6
Armor: Leather armour    ||    24
Dodge: Dodged            ||    37
Block: Tower shield      ||    25

Table legend:
 A = Non-vault XP
 B = Vault XP
 C = Vault XP percentage of total XP
 D = Non-vault monster count
 E = Vault monster count
 F = Vault count percentage of total count
                 A         B        C        D         E       F
            +---------+---------+-------+---------+---------+-------
      Total |      58 |      21 |  26.6 |      28 |      13 |  31.7
            +---------+---------+-------+---------+---------+-------
        D:1 |      33 |       8 |  19.5 |      20 |       6 |  23.1
        D:2 |      25 |      13 |  34.2 |       8 |       7 |  46.7
            +---------+---------+-------+---------+---------+-------
